 Dungeon Crawl Stone Soup version 0.25-a0-58-g9dd530f (webtiles) character file.

Game seed: 14887368953402445767, levelgen mode: deterministic

1747 stealthycow the Chopper (level 8, -10/74 HPs)
             Began as a Deep Dwarf Fighter on Oct 26, 2019.
             Was a Follower of Makhleb.
             Mangled by Pikel
             ... wielding a +2 whip of electrocution
              (15 damage)
             ... on level 5 of the Dungeon.
             The game lasted 00:15:07 (4839 turns).

stealthycow the Chopper (Deep Dwarf Fighter)        Turns: 4839, Time: 00:15:08

Health: -10/74     AC: 23    Str: 22    XL:     8   Next: 77%
Magic:  11/11      EV:  4    Int:  9    God:    Makhleb [*.....]
Gold:   178        SH: 10    Dex: 12    Spells: 7/7 levels left

rFire    . . .     SeeInvis .   a - +1 war axe (protect)
rCold    . . .     Gourm    .   c - +0 shield
rNeg     + . .     Faith    .   q - +0 plate armour
rPois    .         Spirit   .   (no helmet)
rElec    .         Reflect  .   (no cloak)
rCorr    .         Harm     .   u - +0 pair of gloves
MR       +....                  (no boots)
Stlth    ..........             j - amulet of the acrobat
HPRegen  0.00/turn              e - +3 ring of protection
MPRegen  0.12/turn              w - ring of positive energy

@: protection aura, non-regenerating
A: damage resistance, heal wounds, sense surroundings 1, no regeneration
a: Heal Wounds, Renounce Religion


You were on level 5 of the Dungeon.
You worshipped Makhleb.
Makhleb was aware of your devotion.
You were not hungry.

You visited 2 branches of the dungeon, and saw 6 of its levels.
You also visited: Sewer.

You collected 178 gold pieces.

Inventory:

Hand Weapons
 a - a +1 war axe of protection (weapon)
Armour
 c - a +0 shield (worn)
 q - a +0 plate armour (worn)
 u - a +0 pair of gloves (worn)
 A - a +1 pair of gloves
 D - a +0 pair of boots
Jewellery
 e - a +3 ring of protection (left hand)
 j - an amulet of the acrobat (around neck)
 p - a cursed amulet of inaccuracy {unknown}
 w - a ring of positive energy (right hand)
Wands
 v - a wand of flame (14)
Scrolls
 h - 2 scrolls of immolation
 i - 2 scrolls of fog
 o - a scroll of remove curse
 r - 2 scrolls of identify
 t - 2 scrolls of magic mapping
 B - a scroll of teleportation
Potions
 b - 2 potions of heal wounds
 d - 5 potions of might
 g - a potion of berserk rage
 k - 2 potions of agility
 l - 6 potions of curing
 m - 3 potions of lignification
 n - a potion of invisibility
 s - 3 potions of brilliance
 x - a potion of haste {unknown}
 z - a potion of flight {unknown}
Comestibles
 f - 12 rations
 C - 6 chunks of flesh


   Skills:
 + Level 5.1 Fighting
 * Level 7.8 Axes
 - Level 6.0 Armour
 + Level 6.1 Shields
 * Level 4.6 Invocations


You had 7 spell levels left.
You didn't know any spells.
Your spell library was empty.

Dungeon Overview and Level Annotations

Branches:
Dungeon (5/15)             Temple (1/1) D:5           Sewer (visited)

Altars:
Ashenzari
Cheibriados
Dithmenos
Elyvilon
Fedhas
Gozag
Hepliaklqana
Kikubaaqudgha
Makhleb
Nemelex Xobeh
Okawaru
Qazlal
Ru
Sif Muna
Trog
Uskayaw
Vehumet
Wu Jian
Xom
Yredelemnul
Zin
The Shining One

Shops:
D:4 =

Annotations:
D:5 Pikel


Innate Abilities, Weirdness & Mutations

You are resistant to damage.
You can heal yourself by infusing magical energy.
You passively map a small area around you.
You do not regenerate.


Message History

You block Pikel's attack.
You closely miss Pikel.
Pikel is lightly wounded.
You block Pikel's attack.
You hit Pikel but do no damage.
Your weapon exudes an aura of protection.
Pikel is lightly wounded.
Pikel hits you but does no damage.
You closely miss Pikel.
Pikel is lightly wounded.
You block Pikel's attack.
You barely miss Pikel.
Pikel is lightly wounded.
Pikel hits you but does no damage.
You are electrocuted!!
* * * LOW HITPOINT WARNING * * *
You slice Pikel!!
Pikel is heavily wounded.
Pikel cracks his whip.
Pikel hits you but does no damage.
You are electrocuted!
You die...

.#..# #.#..##.##.#.#
.#..####.#........#.#
.#....[..##(#.#####.#
.#............#O.<#.#
.##.#########.....#.#
.##.#** **#########.#
..#.., , K.pp....#.#
.#### * * ###K#.#
.######### #.@.#.#
.#.......# #.#.#.#
.#.......### #.###.#
.#.........# #.....#
.........#.# #######
#...#..##..#
####..##..######
###..###[.##...#
.....###.###.#.#


You could see Pikel.

Vanquished Creatures
  A water moccasin (D:5)
  3 slaves (D:5)
  An ice beast (D:5)
  2 ogres (D:5)
  3 phantoms
  A big kobold (Sewer)
  A scorpion (D:5)
  3 wights (D:5)
  3 howler monkeys
  A bullfrog zombie (D:5)
  2 crimson imps (D:5)
  A centaur zombie (D:5)
  An orc priest (D:4)
  A gnoll shaman (D:4)
  4 orc wizards
  3 worker ants
  A howler monkey zombie (D:5)
  6 gnolls
  10 adders
  8 river rats (Sewer)
  2 oozes (Sewer)
  6 worms
  A dart slug (D:3)
  2 leopard geckos
  16 orcs
  3 bats
  6 giant cockroaches
  5 goblins
  8 hobgoblins
  2 jackals (D:3)
  2 quokkas (D:2)
  5 ball pythons
  7 frilled lizards
  21 kobolds
  20 rats
162 creatures vanquished.

Notes
Turn   | Place    | Note
-------+----------+-------------------------------------------
     0 | D:1      | stealthycow the Deep Dwarf Fighter began the quest for the
                  | Orb.
     0 | D:1      | Reached XP level 1. HP: 20/20 MP: 1/1
   264 | D:1      | Reached XP level 2. HP: 22/27 MP: 2/2
   752 | D:2      | Reached skill level 3 in Axes
   762 | D:2      | Reached XP level 3. HP: 15/34 MP: 3/3
   855 | D:2      | Found a faded altar of an unknown god.
  1598 | D:3      | Reached XP level 4. HP: 13/42 MP: 4/4
  1657 | D:3      | Found a shimmering altar of Xom.
  1671 | D:3      | Found a shimmering altar of Xom.
  1744 | D:3      | HP: 2/42 [orc/+0 short sword (1)]
  1906 | D:3      | Found an ancient bone altar of Kikubaaqudgha.
  1959 | D:3      | Reached skill level 4 in Axes
  1998 | D:3      | Reached XP level 5. HP: 20/49 MP: 5/5
  2014 | D:4      | Found Qolecs's Jewellery Emporium.
  2108 | D:4      | Found a glowing drain.
  2112 | Sewer    | Entered a sewer
  2143 | Sewer    | Reached XP level 6. HP: 14/56 MP: 6/6
  2298 | Sewer    | Reached skill level 5 in Axes
  2793 | D:5      | Entered Level 5 of the Dungeon
  2850 | D:5      | Found a staircase to the Ecumenical Temple.
  2869 | Temple   | Entered the Ecumenical Temple
  3210 | Temple   | Became a worshipper of Makhleb the Destroyer
  3326 | D:4      | Reached skill level 5 in Armour
  3326 | D:4      | Reached XP level 7. HP: 52/64 MP: 7/7
  3349 | D:4      | Reached skill level 5 in Shields
  3397 | D:4      | Reached skill level 6 in Axes
  3944 | D:4      | Reached * piety under Makhleb
  4391 | D:5      | Reached skill level 1 in Invocations
  4391 | D:5      | Reached XP level 8. HP: 34/73 MP: 8/8
  4480 | D:5      | Reached skill level 7 in Axes
  4571 | D:5      | Reached skill level 5 in Fighting
  4805 | D:5      | Noticed Pikel
  4839 | D:5      | Mangled by Pikel

Levels and vault maps discovered:
D:1:      scummos_arrival_star, layout_loops_ring, minivault_4
D:2:      layout_basic, chequers_ecumenical_altar_simple
D:3:      layout_basic, lemuel_doored_altar, first_ration, xom_redecorated
D:4:      layout_loops_ring, gup_sewer_entry_bowl, minmay_shop_grid_forest
D:5:      kennysheep_big_flooded_room, layout_basic, minmay_temple_entry_wispy,
          uniq_pikel
Temple:   regret_index_temple_sigil_plot

Skill      XL: |  1  2  3  4  5  6  7  8 |
---------------+-------------------------+-----
Axes           | 3 4 5 6 7 |  7.8
Fighting       | 3 4 5 |  5.1
Armour         | 4 5 6 |  6.0
Shields        | 4 5 6 |  6.1
Invocations    | 1 4 |  4.6

Action                   |  1- 3 |  4- 6 |  7- 9 || total
-------------------------+-------+-------+-------++-------
Melee: War axe           |   151 |   243 |   216 ||   610
 Abil: Heal Wounds       |       |     2 |       ||     2
Evoke: Wand              |       |       |     7 ||     7
  Use: Scroll            |       |    14 |       ||    14
       Potion            |       |       |     1 ||     1
  Eat: Chunk             |     2 |     6 |     6 ||    14
Armor: Scale mail        |    49 |       |       ||    49
       Plate armour      |    39 |   189 |   128 ||   356
Dodge: Dodged            |    42 |    36 |    31 ||   109
Block: Shield            |    91 |   145 |   102 ||   338

Table legend:
 A = Non-vault XP
 B = Vault XP
 C = Vault XP percentage of total XP
 D = Non-vault monster count
 E = Vault monster count
 F = Vault count percentage of total count
                 A         B        C        D         E       F
            +---------+---------+-------+---------+---------+-------
      Total |    2074 |     422 |  16.9 |     107 |      52 |  32.7
            +---------+---------+-------+---------+---------+-------
        D:1 |      16 |       0 |   0.0 |      10 |       0 |   0.0
        D:2 |      73 |       0 |   0.0 |      17 |       0 |   0.0
        D:3 |     208 |       0 |   0.0 |      31 |       0 |   0.0
        D:4 |     652 |       5 |   0.8 |      30 |       3 |   9.1
        D:5 |    1125 |     124 |   9.9 |      19 |       1 |   5.0
      Sewer |       0 |     293 | 100.0 |       0 |      48 | 100.0
            +---------+---------+-------+---------+---------+-------
